 Dungeon Crawl Stone Soup version 0.22.1-2-g9c5b331383 (webtiles) character file.

4515 KarvaRausku the Cleaver (level 10, 0/139 HPs)
             Began as a Hill Orc Fighter on Dec 9, 2018.
             Slain by a two-headed ogre
             ... wielding a +0 giant spiked club
              (12 damage)
             ... on level 9 of the Dungeon.
             The game lasted 00:32:57 (9825 turns).

KarvaRausku the Cleaver (Hill Orc Fighter)          Turns: 9825, Time: 00:32:57

Health: 0/139      AC: 25    Str: 22    XL:     10   Next: 39%
Magic:  10/10      EV:  2    Int:  9    God:
Gold:   484        SH: 11    Dex: 10    Spells: 9/9 levels left

rFire    x . .     SeeInvis .   a - +0 war axe
rCold    + . .     Gourm    .   c - +0 shield
rNeg     + + +     Faith    .   (armour currently unavailable)
rPois    +         Spirit   .   (helmet currently unavailable)
rElec    .         Reflect  .   (cloak currently unavailable)
rCorr    .         Harm     .   (gloves currently unavailable)
MR       .....     NoTele   +   (boots currently unavailable)
Stlth    +.........             (no amulet)
HPRegen  0.33/turn              e - ring of ice
MPRegen  0.12/turn              (no ring)

@: tree-form
A: no striking features
a: no special abilities


You were on level 9 of the Dungeon.
You were very hungry.
You were a tree.
You visited 2 branches of the dungeon, and saw 11 of its levels.
You also visited: Sewer and Ossuary.

You collected 495 gold pieces.
You spent 11 gold pieces at shops.

Inventory:

Hand Weapons
 a - a +0 war axe (weapon)
Armour
 c - a +0 shield (worn)
 q - a +0 chain mail
 r - a +0 cloak (melded)
 t - a +0 scale mail
 v - a +0 ring mail
 w - a +0 pair of gloves (melded)
 y - a +0 pair of boots (melded)
 D - a +0 buckler
 H - a +0 plate armour (melded)
Jewellery
 e - a ring of ice (left branch)
 n - an uncursed ring of ice
 K - a cursed ring of teleportation {unknown}
Wands
 z - a wand of random effects (19)
Scrolls
 b - 6 scrolls of identify
 g - 4 scrolls of fear {unknown}
 h - 2 scrolls of fog {unknown}
 j - a scroll of amnesia
 l - 2 scrolls of magic mapping
 s - 2 scrolls of enchant armour {unknown}
 u - 2 scrolls of enchant weapon {unknown}
 x - 2 scrolls of blinking {unknown}
 G - a scroll of immolation {unknown}
 J - 3 scrolls of remove curse {unknown}
Potions
 d - a potion of might
 i - 7 potions of flight
 k - 2 potions of invisibility
 o - 2 potions of lignification
 p - 3 potions of curing
 A - a potion of brilliance {unknown}
 B - a potion of berserk rage {unknown}
 C - a potion of resistance
 E - a potion of magic {unknown}
 F - a potion of cancellation
Comestibles
 f - 11 rations


   Skills:
 + Level 9.8 Fighting
 + Level 10.2 Axes
 + Level 8.7 Armour
 + Level 8.7 Shields


You had 9 spell levels left.
You didn't know any spells.
Your spell library was empty.

Dungeon Overview and Level Annotations

Branches:
Dungeon (10/15)            Temple (1/1) D:6
   Lair: D:8-11         Orc: D:9-12

Altars:
Ashenzari
Cheibriados
Dithmenos
Elyvilon
Fedhas
Gozag
Hepliaklqana
Kikubaaqudgha
Makhleb
Nemelex Xobeh
Okawaru
Qazlal
Ru
Sif Muna
Trog
Uskayaw
Vehumet
Wu Jian
Xom
Yredelemnul
Zin
The Shining One

Shops:
D:6 !

Annotations:
D:9 Maurice, Psyche


Message History

* * * LOW HITPOINT WARNING * * *
The two-headed ogre hits you but does no damage.
You hit the two-headed ogre but do no damage.
The two-headed ogre is heavily wounded.
You hit the wight but do no damage. The wight hits you but does no damage.
You slash the two-headed ogre!
The two-headed ogre is heavily wounded.
You barely miss the wight. The two-headed ogre barely misses you.
The two-headed ogre hits you but does no damage.
You block the wight's attack.
You hit the two-headed ogre.
The two-headed ogre is severely wounded.
You slash the wight! You block the two-headed ogre's attack.
The two-headed ogre hits you but does no damage.
You block the wight's attack.
You hit the two-headed ogre but do no damage.
The two-headed ogre is severely wounded.
You completely miss the wight.
The two-headed ogre hits you with a giant spiked club!
You die...

#.#############.#
#..Oyy.)......#.#
#############.#.#
#.#.# #O#.# #.#y#
#.#y# #.#O# #.#♣#
#.#z# #.#z# #.#z#
##############.#.#
...........O...#!#
################.#
......... ..#
#....##########


You could see a two-headed ogre, 2 killer bees and 3 wights.

Vanquished Creatures
  Joseph (D:7)
  5 yaks (D:9)
  Menkaure (D:7)
  Edmund (D:5)
  Duvessa (D:7)
  An orc warrior (D:6)
  A sky beast (D:5)
  2 phantoms
  5 ogres
  3 centaurs
  A gnoll sergeant (D:5)
  3 bullfrogs
  Dowan (D:7)
  A wyvern skeleton (D:7)
  2 scorpions
  6 killer bees (D:7)
  A howler monkey (D:5)
  A wight (D:9)
  3 crimson imps
  A quasit (D:5)
  2 orc priests
  5 orc wizards
  2 iguanas
  8 worker ants
  6 big kobold zombies (Ossuary)
  2 hound zombies
  A mummy (Ossuary)
  A hound skeleton (D:6)
  A worker ant zombie (D:7)
  11 gnolls
  17 adders
  2 shadow imps
  6 oozes
  2 adder zombies (D:5)
  4 adder skeletons
  7 worms
  2 dart slugs
  5 leopard geckos
  29 orcs
  5 spectral bats (Ossuary)
  5 ball pythons
  6 giant cockroaches
  7 goblins
  15 hobgoblins
  9 jackals
  10 kobolds
  3 quokkas
  A ball python skeleton (D:5)
  11 bats
  3 bat simulacra (Ossuary)
  7 frilled lizards
  6 gnoll zombies (Ossuary)
  5 goblin simulacra (Ossuary)
  6 goblin zombies (Ossuary)
  3 hobgoblin zombies (Ossuary)
  A jackal zombie (D:5)
  A kobold simulacrum (Ossuary)
  6 kobold zombies (Ossuary)
  3 orc zombies (Ossuary)
  A quokka zombie (D:8)
  5 rats
  4 rat simulacra (Ossuary)
  A spectral goblin (Ossuary)
  5 spectral kobolds (Ossuary)
  3 spectral rats (Ossuary)
286 creatures vanquished.

Notes
Turn   | Place    | Note
-------+----------+-------------------------------------------
     0 | D:1      | KarvaRausku the Hill Orc Fighter began the quest for the
                  | Orb.
     0 | D:1      | Reached XP level 1. HP: 19/19 MP: 1/1
    89 | D:1      | Reached skill level 3 in Axes
   272 | D:1      | Reached XP level 2. HP: 23/27 MP: 2/2
   517 | D:1      | Reached XP level 3. HP: 34/34 MP: 3/3
   912 | D:2      | Found a hazy altar of Hepliaklqana.
  1382 | D:2      | Reached skill level 4 in Axes
  1550 | D:2      | Found a glowing golden altar of the Shining One.
  1621 | D:2      | Reached XP level 4. HP: 41/41 MP: 4/4
  2423 | D:4      | Reached XP level 5. HP: 35/47 MP: 5/5
  2468 | D:4      | Found a transporter.
  2468 | D:4      | Found a transporter.
  2469 | D:4      | Found a shadowy altar of Dithmenos.
  2469 | D:4      | Found a bloodstained altar of Trog.
  2470 | D:4      | Found a hide-covered altar of Uskayaw.
  2471 | D:4      | Noticed a phantom
  2487 | D:4      | Reached skill level 5 in Fighting
  2843 | D:4      | Found an ornate altar of the Wu Jian Council.
  2945 | D:4      | Found a deep blue altar of Sif Muna.
  3080 | D:4      | Noticed an ogre
  3091 | D:4      | Killed an ogre
  3091 | D:4      | Reached skill level 5 in Axes
  3091 | D:4      | Reached XP level 6. HP: 55/56 MP: 6/6
  3657 | D:4      | Killed a phantom
  3712 | D:5      | Entered Level 5 of the Dungeon
  3722 | D:4      | Reached XP level 7. HP: 31/62 MP: 7/7
  3923 | D:5      | Reached skill level 6 in Axes
  3923 | D:5      | Reached skill level 5 in Armour
  3923 | D:5      | Reached skill level 5 in Shields
  4183 | D:5      | Found a glowing drain.
  4188 | Sewer    | Entered a sewer
  4194 | Sewer    | Reached XP level 8. HP: 63/71 MP: 8/8
  4744 | D:5      | Noticed Edmund
  4768 | D:5      | Killed Edmund
  4768 | D:5      | Reached skill level 7 in Axes
  5464 | D:6      | Found a snail-covered altar of Cheibriados.
  5491 | D:6      | Found a staircase to the Ecumenical Temple.
  5510 | Temple   | Entered the Ecumenical Temple
  6405 | D:6      | Found Aseacs's Distillery.
  6413 | D:6      | Bought a potion of degeneration for 11 gold pieces
  6436 | D:6      | Reached skill level 8 in Axes
  6436 | D:6      | Reached XP level 9. HP: 80/80 MP: 9/9
  6622 | D:6      | Found an iron altar of Okawaru.
  6851 | D:7      | Noticed Menkaure
  6859 | D:7      | Noticed Duvessa
  7073 | D:7      | Killed Duvessa
  7078 | D:7      | Killed Menkaure
  7085 | D:7      | Noticed Joseph
  7112 | D:7      | Found a sand-covered staircase.
  7120 | Ossuary  | Entered an ossuary
  7623 | D:7      | Noticed Dowan
  7644 | D:7      | Killed Dowan
  7644 | D:7      | Reached skill level 9 in Axes
  7954 | D:7      | Killed Joseph
  8032 | D:7      | Found an opulent altar of Gozag.
  8638 | D:7      | Reached XP level 10. HP: 69/91 MP: 10/10
  9138 | D:8      | You fall through a shaft for 2 floors!
  9138 | D:10     | Entered Level 10 of the Dungeon
  9230 | D:9      | Noticed a two-headed ogre
  9386 | D:9      | Reached skill level 10 in Axes
  9459 | D:9      | Noticed Psyche
  9461 | D:9      | Noticed Maurice
  9825 | D:9      | Slain by a two-headed ogre

Skill      XL: |  1  2  3  4  5  6  7  8  9 10 |
---------------+-------------------------------+-----
Axes           | 3 4 5 6 8 9 10 | 10.2
Fighting       | 4 5 6 7 9 |  9.8
Shields        | 4 5 6 8 |  8.7
Armour         | 4 5 6 8 |  8.7

Action                   |  1- 3 |  4- 6 |  7- 9 | 10-12 || total
-------------------------+-------+-------+-------+-------++-------
Melee: War axe           |   118 |   174 |   606 |   143 ||  1041
  Use: Scroll            |     3 |     3 |     4 |     3 ||    13
       Potion            |       |     5 |     3 |     2 ||    10
 Stab: Distracted        |       |       |     1 |       ||     1
  Eat: Chunk             |     2 |     5 |     8 |     1 ||    16
       Ration            |       |     1 |     2 |     1 ||     4
Armor: Scale mail        |    38 |    94 |   204 |       ||   336
       Plate armour      |       |       |   165 |   105 ||   270
       Skin              |       |       |       |     9 ||     9
Dodge: Dodged            |    27 |    73 |   187 |    35 ||   322
Block: Shield            |    65 |   119 |   386 |   111 ||   681
